 Dungeon Crawl Stone Soup version 0.28.0-53-g5a82cb258f (webtiles) character file.

Game seed: 14427266100676996349

98214 DocClef the Warrior (level 15, -1/135 HPs)
             Began as a Grey Draconian Fighter on June 29, 2022.
             Was the Champion of Hepliaklqana.
             Slain by a hell knight
             ... wielding a +2 vorpal great sword
              (25 damage)
             ... on level 2 of the Abyss.
             The game lasted 00:38:34 (25139 turns).

DocClef the Warrior (Grey Draconian Fighter)       Turns: 25139, Time: 00:38:35

Health: -1/135     AC: 21    Str: 26    XL:     15   Next: 74%
Magic:  20/20      EV: 13    Int:  9    God:    Hepliaklqana [******]
Gold:   1446       SH:  5    Dex: 10    Spells: 14/14 levels left

rFire   . . .      SeeInvis +   J - +4 morningstar "Meihierch" {vamp, rPois}
rCold   . . .      Faith    .   b - +0 buckler
rNeg    . . .      Spirit   .   (armour unavailable)
rPois   +          Reflect  .   (helmet restricted)
rElec   .          Harm     .   r - +1 cloak
rCorr   .          Rampage  .   S - +0 pair of gloves
Will    +....                   (no boots)
Stlth   +.........              L - amulet of regeneration
HPRegen 1.12/turn               R - ring of see invisible
MPRegen 0.17/turn               x - +4 ring of protection

@: no status effects
A: reduced essence, AC +14, amphibious, unfitting armour, cold-blooded
a: Renounce Religion, Recall Ancestor, Ancestor Identity, Transference, Idealise


You were on level 2 of the Abyss.
You worshipped Hepliaklqana.
Hepliaklqana was exalted by your worship.
You visited 3 branches of the dungeon, and saw 21 of its levels.
You visited the Abyss 1 time.
You also visited: Bailey and Volcano.

You collected 1536 gold pieces.
You spent 90 gold pieces at shops.

Inventory:

Hand Weapons
 t - a +2 trident of venom
 w - the +6 quarterstaff of the Dark Horse {drain, rF+ Will++ Int-3 Dex-3}
   (You found it in a bailey)

   A truly terrible weapon, it drains the life of any living foe it strikes.
   Int:       It affects your intelligence (-3).
   Dex:       It affects your dexterity (-3).
   rF:        It protects you from fire.
   Will:      It greatly increases your willpower.
 y - a +4 flail of freezing
 J - the +4 morningstar "Meihierch" (weapon) {vamp, rPois}
   (You found it on level 3 of the Lair of Beasts)

   It occasionally heals its wielder for a portion of the damage dealt when it
   wounds a living foe.
   rPois:     It protects you from poison.
Missiles
 B - 27 boomerangs (quivered)
 T - 6 javelins
Armour
 b - a +0 buckler (worn)
 r - a +1 cloak (worn)
 S - a +0 pair of gloves (worn)
Jewellery
 a - a ring of fire
 c - a ring of positive energy
 j - an amulet of reflection
 o - a ring of ice
 x - a +4 ring of protection (right hand)
 A - a ring of ice
 D - a ring of fire
 G - a ring of poison resistance
 L - an amulet of regeneration (around neck)
 R - a ring of see invisible (left hand)
 U - a ring of wizardry
 V - a ring of magical power
 Y - a +6 ring of intelligence
Wands
 l - a wand of polymorph (21)
 n - a wand of flame (40)
 C - a wand of iceblast (12)
 E - a wand of acid (7)
 F - a wand of paralysis (7)
 M - a wand of mindburst (3)
 X - a wand of digging (4)
Scrolls
 d - 4 scrolls of identify
 f - 7 scrolls of blinking
 k - 8 scrolls of fear
 m - 2 scrolls of fog
 p - 10 scrolls of teleportation
 q - 5 scrolls of amnesia
 s - a scroll of silence
 H - 5 scrolls of enchant armour
Potions
 e - 3 potions of heal wounds
 g - 11 potions of curing
 h - a potion of resistance
 i - 5 potions of brilliance
 u - 3 potions of cancellation
 v - 3 potions of haste
 z - a potion of berserk rage
 I - 2 potions of lignification {unknown}
 K - 2 potions of magic {unknown}
 N - a potion of degeneration {unknown}
 O - 2 potions of attraction {unknown}
 P - a potion of mutation {unknown}
 Q - a potion of ambrosia {unknown}


   Skills:
 + Level 18.4 Fighting
 - Level 16.0 Maces & Flails
 - Level 14.0 Polearms
 - Level 1.2 Throwing
 - Level 6.0 Dodging
 - Level 5.3 Shields
 - Level 6.7 Invocations


You had 14 spell levels left.
You didn't know any spells.
Your spell library contained the following spells:

 Spells                   Type           Power      Damage    Failure   Level
 Animate Skeleton         Necr           0%         N/A       45%         1
 Apportation              Tloc           0%         N/A       45%         1
 Pain                     Necr           0%         1d4       45%         1
 Sandblast                Erth           0%         2d4       45%         1
 Shock                    Conj/Air       0%         1d3       45%         1
 Summon Small Mammal      Summ           0%         N/A       45%         1
 Passwall                 Tmut/Erth      0%         N/A       61%         2
 Static Discharge         Conj/Air       0%         N/A       61%         2
 Dazzling Flash           Conj/Hex       0%         N/A       83%         3
 Gell's Gravitas          Tloc           0%         N/A       83%         3
 Lesser Beckoning         Tloc           0%         N/A       83%         3
 Portal Projectile        Hex/Tloc       0%         N/A       83%         3
 Stone Arrow              Conj/Erth      0%         3d7       83%         3
 Swiftness                Air            0%         N/A       83%         3
 Teleport Other           Tloc           0%         N/A       83%         3
 Airstrike                Air            0%         N/A       99%         4
 Hailstorm                Conj/Ice       0%         3d3       99%         4
 Ice Form                 Ice/Tmut       0%         N/A       99%         4
 Iskenderun's Mystic Bla  Conj/Tloc      0%         2d3       99%         4
 Leda's Liquefaction      Hex/Erth       0%         N/A       99%         4
 Passage of Golubria      Tloc           0%         N/A       99%         4
 Agony                    Necr           0%         N/A       100%        5
 Alistair's Intoxication  Tmut/Pois      0%         N/A       100%        5
 Blade Hands              Tmut           0%         N/A       100%        5
 Excruciating Wounds      Necr           0%         N/A       100%        5
 Lee's Rapid Deconstruct  Erth           0%         3d5*      100%        5
 Lightning Bolt           Conj/Air       0%         1d11      100%        5
 Silence                  Hex/Air        0%         N/A       100%        5
 Summon Forest            Summ/Tloc      0%         N/A       100%        5
 Summon Mana Viper        Hex/Summ       0%         N/A       100%        5
 Simulacrum               Ice/Necr       0%         N/A       100%        6
 Starburst                Conj/Fire      0%         6d3       100%        6
 Statue Form              Tmut/Erth      0%         N/A       100%        6
 Summon Cactus Giant      Summ           0%         N/A       100%        6
 Lehudib's Crystal Spear  Conj/Erth      0%         10d2      100%        8
 Maxwell's Capacitive Co  Air            0%         ∞         100%        8


Dungeon Overview and Level Annotations

Branches:
Dungeon (14/15)            Temple (1/1) D:5            Lair (6/6) D:11
  Swamp (0/4) Lair:3       Spider (0/4) Lair:3        Slime (0/5) Lair:6
    Orc (0/2) D:10         Vaults (0/5) D:14         Bailey (visited)
Volcano (visited)

Altars:
Ashenzari
Cheibriados
Dithmenos
Elyvilon
Fedhas
Gozag
Hepliaklqana
Kikubaaqudgha
Makhleb
Nemelex Xobeh
Okawaru
Qazlal
Ru
Sif Muna
Trog
Uskayaw
Vehumet
Wu Jian
Xom
Yredelemnul
Zin
The Shining One

Shops:
D:3 :   D:4 ?   D:5 :

Portals:
Trove: D:12 (give +2 gold dragon scales)

Annotations:
D:9 1 runed translucent door, bnorton916's ghost, novice DEFE
D:11 1 runed translucent door, xzight's ghost, journeyman MiBe


Innate Abilities, Weirdness & Mutations

Your life essence is reduced to manifest your ancestor. (-10% HP)
Your dull iron-grey scales are very hard. (AC +14)
You are amphibious.
You cannot fit into any form of body armour.
You are cold-blooded and may be slowed by cold attacks.


Message History

The hell knight is moderately wounded.
You block the hell knight's attack. The hell knight closely misses you.
Unknown command.
The earth elemental hits you but does no damage.
You bludgeon the hell knight!! You tail-slap the hell knight.
The hell knight is almost dead.
The hell knight barely misses you.
The hell knight hits you with a +5 scimitar!
Unknown command.
You hammer the hell knight like a gong!!!
You feel better.
You kill the hell knight!
That felt strangely unrewarding.
The hell knight casts a spell at you. The bolt of fire hits you!!
* * * LOW HITPOINT WARNING * * *
The earth elemental barely misses you.
The hell knight hits you with a +2 vorpal great sword!
* * * LOW HITPOINT WARNING * * *
x2 You hit the hell knight but do no damage.
The hell knight is lightly wounded.
The hell knight barely misses you.
You sock the hell knight!
You feel better.
You tail-slap the hell knight, but do no damage.
The hell knight is moderately wounded.
The hell knight hits you but does no damage.
You bludgeon the hell knight!!
You tail-slap the hell knight, but do no damage.
The hell knight is heavily wounded.
You closely miss the hell knight.
The hell knight is heavily wounded.
The hell knight misses you. The earth elemental hits you.
* * * LOW HITPOINT WARNING * * *
Unknown command.
You closely miss the hell knight.
You tail-slap the hell knight, but do no damage.
The hell knight is heavily wounded.
The hell knight hits you but does no damage.
The hell knight hits you with a +2 vorpal great sword!!
You die...

# . .# #.##.# # #...
.## #.#####
......'.....#._.
...⌠. ... .....
#.....p.....# . # #
#.....p. ...# .# .
##.#####p.'.#...# #.
#....@#p...... .#
..#....pEp..........
.....∩..'>.⌠.....
..#.....'.....#...#
...#.....#.........#
.###.######.....##
......... ....... ##
.#.##. ###.#...... .
#.# .. ##. .###'


You could see 2 hell knights and an earth elemental.

Vanquished Creatures
  An orc warlord (Bailey)
  The ghost of Gyrgh the Grappler, a journeyman TrBe of Trog (Lair:4)
  A stone giant (Volcano)
  An ettin (D:11)
  12 hydras
  A vault guard (D:14)
  7 boulder beetles
  2 catoblepae
  4 centaur warriors (D:14)
  3 two-headed ogres
  3 death yaks
  A tengu warrior (D:13)
  Urug (D:12)
  A fire crab (Lair:6)
  Sonja (D:13)
  A hell knight (Abyss:2)
  2 wretched stars (Abyss:2)
  A lindwurm (Lair:5)
  2 wizards (D:14)
  Pikel (D:4)
  A deep elf pyromancer (D:13)
  An orc knight (Bailey)
  3 manticores
  3 ugly things
  An oklob plant (Lair:5)
  A cyclops (D:14)
  4 elephants (Lair:3)
  3 centaur zombies (D:11)
  Joseph (D:7)
  A torpor snail (Lair:6)
  A black mamba (Lair:5)
  A molten gargoyle (Volcano)
  2 gargoyles
  10 cane toads
  6 rime drakes
  8 komodo dragons
  A queen bee (shapeshifter) (D:14)
  A troll (D:14)
  2 tyrant leeches (Lair:6)
  4 slime creatures
  12 blink frogs
  3 dream sheep
  A hornet (D:11)
  Sigmund (D:2)
  14 humans (D:14)
  2 wyverns
  2 wraiths (D:11)
  35 yaks
  A basilisk (D:14)
  A fire elemental (Volcano)
  12 vampire mosquitoes
  2 acid dragons
  11 water moccasins
  Duvessa (D:7)
  8 orc warriors
  A sky beast (D:7)
  2 necrophages
  A black bear (D:7)
  9 centaurs
  A phantom (D:4)
  11 wolves
  A lemure (D:4)
  3 kobold brigands
  16 bullfrogs
  A water moccasin zombie (D:5)
  An earth elemental (Volcano)
  5 scorpions
  A wyvern skeleton (D:7)
  A small abomination (Abyss:2)
  6 killer bees
  3 electric eels
  6 wights
  4 lava snakes (Volcano)
  2 hounds
  Crazy Yiuf (D:5)
  A bullfrog skeleton (D:6)
  4 orc priests
  A centaur skeleton (D:7)
  Terence (D:3)
  9 orc wizards
  6 gnolls
  5 adders
  2 white imps (D:5)
  2 worms
  24 orcs
  8 bats
  7 endoplasms
  6 giant cockroaches
  17 goblins
  8 hobgoblins
  5 jackals
  19 kobolds
  A quokka (D:2)
  4 ball pythons
  5 frilled lizards
  4 rats
423 creatures vanquished.

Vanquished Creatures (collateral kills)
  2 boulder beetles
  3 hydras
  A vault guard (D:14)
  3 two-headed ogres (D:11)
  A catoblepas (Lair:6)
  2 death yaks (Lair:5)
  A goliath frog (Lair:6)
  A flayed ghost (D:11)
  A necromancer (D:14)
  An ugly thing (D:13)
  2 cyclopes
  An elephant (Lair:3)
  2 centaur zombies
  A black mamba (Lair:6)
  A molten gargoyle (Volcano)
  4 cane toads
  4 komodo dragons
  A rime drake (Lair:2)
  An efreet (Volcano)
  A freezing wraith (D:14)
  A tengu conjurer (D:14)
  2 trolls
  6 slime creatures
  9 blink frogs
  6 dream sheep
  A culicivora (Lair:3)
  A jumping spider (Lair:3)
  2 wyverns
  A shadow (D:11)
  A fire elemental (Volcano)
  A wraith (D:9)
  15 yaks
  2 fire bats (Volcano)
  7 humans (D:14)
  4 basilisks
  2 steam dragons (D:6)
  3 redbacks (Lair:3)
  Menkaure (D:7)
  An acid dragon (D:11)
  5 orc warriors
  An ice beast (D:6)
  A necrophage (D:6)
  5 centaurs
  5 wolves
  3 bullfrogs
  A wyvern zombie (D:8)
  Dowan (D:7)
  3 killer bees (D:6)
  7 wights
  A howler monkey (D:7)
  2 lava snakes (Volcano)
  An orc priest (D:9)
  4 iguanas
  2 orc wizards (D:8)
  2 adders
  23 orcs
  A goblin (D:9)
  2 hobgoblins (Bailey)
  11 kobolds
181 creatures vanquished.

Vanquished Creatures (others)
  16 knights
  An orc (D:12)
  24 fungi
  76 plants
117 creatures vanquished.

Grand Total: 721 creatures vanquished

Notes
Turn   | Place    | Note
-------+----------+-------------------------------------------
     0 | D:1      | DocClef the Draconian Fighter began the quest for the Orb.
     0 | D:1      | Reached XP level 1. HP: 19/19 MP: 1/1
   103 | D:1      | Reached skill level 4 in Fighting
   103 | D:1      | Reached XP level 2. HP: 24/27 MP: 2/2
   348 | D:1      | Found a faded altar of an unknown god.
   526 | D:1      | Reached XP level 3. HP: 20/34 MP: 3/3
   993 | D:2      | Noticed Sigmund
  1005 | D:2      | Killed Sigmund
  1006 | D:2      | Reached skill level 6 in Fighting
  1006 | D:2      | Reached XP level 4. HP: 20/45 MP: 4/4
  1006 | D:2      | Reached XP level 5. HP: 22/51 MP: 5/5
  1221 | D:2      | Reached skill level 7 in Fighting
  1840 | D:3      | Noticed a necrophage
  1849 | D:3      | Killed a necrophage
  1850 | D:3      | Reached XP level 6. HP: 52/61 MP: 6/6
  2013 | D:3      | Noticed Terence
  2030 | D:3      | Killed Terence
  2034 | D:3      | HP: 1/61 [gnoll/+0 halberd (14)]
  2153 | D:3      | Reached skill level 8 in Fighting
  2415 | D:3      | You fall into a shaft and drop 2 floors!
  2415 | D:5      | Entered Level 5 of the Dungeon
  2559 | D:5      | Found Uffuph's Book Boutique.
  2588 | D:5      | Your scales start taking on a dull iron-grey colour.
  2588 | D:5      | Reached XP level 7. HP: 43/69 MP: 7/7
  2728 | D:5      | Reached skill level 9 in Fighting
  2740 | D:5      | Found a staircase to the Ecumenical Temple.
  2751 | Temple   | Entered the Ecumenical Temple
  3061 | Temple   | Became a worshipper of Hepliaklqana the Forgotten
  3663 | D:4      | Reached skill level 10 in Fighting
  3808 | D:4      | Found Ereukham's Magic Scroll Boutique.
  3857 | D:4      | Bought a scroll of blinking for 90 gold pieces
  4157 | D:4      | Noticed Pikel
  4165 | D:4      | Killed Pikel
  4166 | D:4      | Reached skill level 11 in Fighting
  4166 | D:4      | Reached XP level 8. HP: 82/82 MP: 8/8
  4183 | D:4      | Reached * piety under Hepliaklqana
  4989 | D:3      | Found Zaunyu's Book Shoppe.
  5807 | D:5      | Reached ** piety under Hepliaklqana
  5808 | D:5      | Remembered your ancestor Baqqanum as a knight
  5815 | D:5      | Reached skill level 12 in Fighting
  6078 | D:5      | Found a runed translucent door.
  6079 | D:5      | Noticed Crazy Yiuf
  6087 | D:5      | Killed Crazy Yiuf
  6276 | D:6      | Reached XP level 9. HP: 82/82 MP: 9/9
  6917 | D:6      | Reached skill level 13 in Fighting
  7110 | D:6      | Reached skill level 5 in Maces & Flails
  7455 | D:7      | Noticed Dowan
  7460 | D:7      | Noticed Duvessa
  7465 | D:7      | Killed Dowan
  7476 | D:7      | Killed Duvessa
  7779 | D:7      | Noticed a two-headed ogre
  7802 | D:7      | Killed a two-headed ogre
  7803 | D:7      | Reached skill level 14 in Fighting
  7803 | D:7      | Reached skill level 1 in Polearms
  7806 | D:7      | Reached XP level 10. HP: 61/93 MP: 10/10
  8033 | D:7      | Noticed Joseph
  8050 | D:7      | Killed Joseph
  8112 | D:7      | Found an ornate altar of the Wu Jian Council.
  8214 | D:7      | Noticed Menkaure
  8222 | D:7      | Killed Menkaure
  8986 | D:8      | Reached skill level 15 in Fighting
  9043 | D:8      | Reached skill level 5 in Polearms
  9121 | D:8      | Reached *** piety under Hepliaklqana
 10232 | D:9      | Found a flagged portal.
 10246 | Bailey   | Entered a bailey
 10299 | Bailey   | Noticed an orc warlord
 10385 | Bailey   | Noticed an orc knight
 10399 | Bailey   | Killed an orc knight
 10422 | Bailey   | Reached XP level 11. HP: 61/100 MP: 11/11
 10608 | Bailey   | Found a runed translucent gate.
 10628 | Bailey   | Found a runed translucent gate.
 10630 | Bailey   | Found a runed translucent gate.
 10896 | Bailey   | Killed an orc warlord
 10910 | Bailey   | Identified the +6 quarterstaff of the Dark Horse {drain,
                  | rF+ Will++ Int-3 Dex-3}
 10919 | Bailey   | Reached XP level 12. HP: 78/107 MP: 11/17
 11151 | D:9      | Found a runed translucent door.
 11160 | D:9      | Noticed bnorton916's ghost (novice DEFE)
 11172 | D:9      | Noticed a two-headed ogre
 11185 | D:9      | Killed a two-headed ogre
 11483 | D:9      | Reached **** piety under Hepliaklqana
 11814 | D:10     | Entered Level 10 of the Dungeon
 12365 | D:10     | Found a faded altar of an unknown god.
 12874 | D:10     | Found a staircase to the Orcish Mines.
 12988 | D:11     | Noticed xzight's ghost (journeyman MiBe)
 12988 | D:11     | Found a runed translucent door.
 12988 | D:11     | Found a shimmering altar of Xom.
 13088 | D:11     | Noticed a seven-headed hydra
 13100 | D:11     | Killed a seven-headed hydra
 13429 | D:11     | Noticed a two-headed ogre
 13451 | D:11     | Killed a two-headed ogre
 13564 | D:11     | Noticed a two-headed ogre
 13576 | D:11     | Killed a two-headed ogre
 13607 | D:11     | Noticed a two-headed ogre
 13607 | D:11     | Noticed a seven-headed hydra
 13612 | D:11     | Killed a two-headed ogre
 13618 | D:11     | Killed a seven-headed hydra
 13619 | D:11     | Reached skill level 16 in Fighting
 13619 | D:11     | Reached XP level 13. HP: 76/115 MP: 18/18
 13781 | D:11     | Reached ***** piety under Hepliaklqana
 13810 | D:11     | Noticed an ettin
 14100 | D:11     | Killed an ettin
 14180 | D:11     | Found a staircase to the Lair.
 14216 | Lair:1   | Entered Level 1 of the Lair of Beasts
 14688 | Lair:1   | Reached skill level 17 in Fighting
 15754 | Lair:2   | Reached skill level 5 in Dodging
 16450 | Lair:3   | Identified the +4 morningstar "Meihierch" {vamp, rPois}
 16485 | Lair:3   | Found a hole to the Spider Nest.
 16830 | Lair:3   | Found a staircase to the Swamp.
 16871 | Lair:3   | Reached skill level 5 in Shields
 17861 | Lair:4   | Found a runed translucent door.
 17866 | Lair:4   | Noticed Gyrgh's ghost (journeyman TrBe)
 18295 | Lair:4   | Reached XP level 14. HP: 66/126 MP: 19/19
 18814 | Lair:4   | Killed Gyrgh's ghost
 19301 | Lair:5   | Reached ****** piety under Hepliaklqana
 19379 | Lair:5   | Reached skill level 10 in Maces & Flails
 19673 | Lair:5   | Found a dark tunnel.
 19682 | Volcano  | Entered a volcano
 19913 | Volcano  | Found a burning altar of Makhleb.
 19990 | Volcano  | Noticed a stone giant
 20005 | Volcano  | Killed a stone giant
 20649 | Lair:6   | Entered Level 6 of the Lair of Beasts
 20912 | Lair:6   | Found a staircase to the Slime Pits.
 20974 | Lair:6   | Found a shimmering altar of Xom.
 21705 | Lair:6   | Reached XP level 15. HP: 115/132 MP: 20/20
 22351 | D:12     | Identified the +1 ring mail "Cumuwnel" {rPois Dex+4}
 22459 | D:12     | Noticed Urug
 22473 | D:12     | Killed Urug
 22606 | D:12     | Found a portal to a secret trove of treasure.
 22663 | D:12     | Reached skill level 15 in Maces & Flails
 23200 | D:13     | Noticed Sonja
 23384 | D:13     | Killed Sonja
 23433 | D:13     | Identified the +3 ring mail "Huxzium" {rF+}
 24237 | D:14     | Reached skill level 1 in Throwing
 24896 | D:14     | Reached skill level 18 in Fighting
 25000 | D:14     | Found a gate to the Vaults.
 25032 | D:14     | Cast into level 2 of the Abyss (a wizard)
 25107 | Abyss:2  | Found a corrupted altar of Lugonu.
 25139 | Abyss:2  | Slain by a hell knight

Illustrated notes

Levels and vault maps discovered:
D:1:      scummos_arrival_star, layout_basic,
          shapermc_ecumenical_altar_mp_highgroup
D:2:      layout_loops_ring, uniq_sigmund
D:3:      layout_basic, serial_shops, nicolae_shop_behind_doors, uniq_terence
D:4:      layout_basic, serial_shops, shop, uniq_pikel
D:5:      layout_cave_pools, minmay_temple_entry_statues_fountains,
          serial_shops, nicolae_shop_hallway_plus, grunt_ministairs_2,
          chequers_decorated_corner, uniq_crazy_yiuf_cottage
D:6:      layout_loops_ring, minmay_misc_feat_five
D:7:      layout_rooms, mainiacjoe_overflow_concentric_impassable,
          uniq_menkaure, uniq_duvessa, uniq_joseph
D:8:      layout_layer_cave, kennysheep_windowed_goal
D:9:      layout_irregular_city, hellmonk_ghost_big_iron, enter_bailey_5
D:10:     layout_stronghold, david_orc_4, serial_column_ruins,
          column_ruins_temple_hut, column_ruins_circle_medium,
          column_ruins_open_small_water, column_ruins_open_tiny,
          column_ruins_columns_corner, column_ruins_columns_straight
D:11:     minmay_the_grid_plus_closed [minmay_the_grid_odd_star,
          minmay_the_grid_gridbox, minmay_the_grid_aliased_spiral,
          minmay_the_grid_broken_lines, minmay_the_grid_prize_diamond_cup],
          layout_cave_pools, david_lair_shrubbed, ebering_ghost_xom, minivault_1
D:12:     layout_stronghold, enter_trove_1, uniq_urug
D:13:     layout_loops_ring, uniq_sonja
D:14:     minmay_crescents, layout_stronghold, grunt_vaults_entry_tiered
Temple:   mainiacjoe_temple_circle_huts
Lair:1:   layout_small_grid
Lair:2:   layout_chaotic_city, serial_bayou_shore_b, serial_bayou_shore_b
Lair:3:   layout_small_grid, swamp_mist, spider_nest_entry_funnel_web,
          grunt_megastairs_5
Lair:4:   layout_loops_ring, ebering_ghost_reflecting_pool,
          infiniplex_staircase_pool_2
Lair:5:   layout_cave_shapes, nicolae_volcano_entry_vermiform
Lair:6:   minmay_lair_end_frog_pond, layout_regular_city,
          dpeg_slime_entry_corner, basic_altar, portal_ice_cave_rime
Abyss:2:  base:
D:2

Skill      XL: |  1  2  3  4  5  6  7  8  9 10 11 12 13 14 15 |
---------------+----------------------------------------------+-----
Fighting       | 4 6 7 8 11 12 14 15 16 17 18 | 18.4
Maces & Flails | 3 6 8 14 16 | 16.0
Polearms       | 1 8 11 14 | 14.0
Invocations    | 6 |  6.7
Dodging        | 6 |  6.0
Shields        | 5 |  5.3
Throwing       | 1 |  1.2

Action                   |  1- 3 |  4- 6 |  7- 9 | 10-12 | 13-15 || total
-------------------------+-------+-------+-------+-------+-------++-------
Melee: Flail             |    72 |   102 |   105 |       |       ||   279
       Tailslap          |     9 |    11 |    46 |    57 |   217 ||   340
       Unarmed           |       |       |     4 |       |       ||     4
       Whip              |       |       |   203 |       |       ||   203
       Trident           |       |       |    12 |   466 |   232 ||   710
       Morningstar       |       |       |       |       |   956 ||   956
Throw: Boomerang         |       |       |       |     3 |    29 ||    32
Invok: Ancestor Life: Kn |       |       |     1 |       |       ||     1
       Recall Ancestor   |       |       |       |       |     7 ||     7
       Transference      |       |       |       |       |     1 ||     1
  Use: Potion            |     1 |     1 |     1 |     1 |     1 ||     5
       Scroll            |       |       |       |    13 |     7 ||    20
 Stab: Distracted        |       |       |     1 |     3 |    14 ||    18
       Sleeping          |       |       |     1 |       |       ||     1
Armor: Skin              |    32 |    32 |   178 |    83 |   546 ||   871
Dodge: Dodged            |    47 |    72 |   180 |   102 |   564 ||   965
Block: Buckler           |    21 |    33 |   169 |   114 |   335 ||   672
       Reflection        |       |       |     5 |    13 |     3 ||    21
